Penguins vs Panthers

Created - April 8, 2024 at 21:07

Goals
1 2 3 T
Penguins 0 0 2 2
Panthers 0 1 2 3
Shots
1 2 3 T
Penguins 7 9 8 24
Panthers 6 7 12 25

GoalsPenalties
1st period
No Goal
Nick Suzuki (PIT) for Roughing (Minor) at 4:43
Oliver Ekman-Larsson (FLA) for Interference (Minor) at 13:58
Josh Anderson (PIT) for High sticking (Minor) at 13:58
Rem Pitlick (PIT) for Interference (Minor) at 16:28
2nd period
1. Panthers , Roope Hintz 1 (Charlie McAvoy 1, Quinn Hughes 1) at 11:00
Brady Tkachuk (FLA) for Tripping (Minor) at 7:15
Justin Faulk (PIT) for Roughing (Minor) at 11:13
Jamie Benn (FLA) for Hooking (Minor) at 15:02
3rd period
2. Panthers , Aleksander Barkov 1 (Quinn Hughes 2, Matthew Tkachuk 1) at 0:10
3. Penguins , Kevin Fiala 1 (Jeff Petry 1, Cole Caufield 1) at 2:42
4. Panthers , Jack Hughes 1 (Oliver Ekman-Larsson 1, Roope Hintz 1) at 5:13
5. Penguins , Nick Suzuki 1 (Justin Faulk 1, Devon Toews 1) at 14:50
Andrei Svechnikov (FLA) for Hooking (Minor) at 11:18
Jeff Petry (PIT) for Interference (Minor) at 15:09
Phil Kessel (PIT) for Interference (Minor) at 16:22
Goalie Stats
Thatcher Demko (PIT), 22 saves from 25 shots - (0.880), L, 0-1-0, 59:00 minutes
Alexandar Georgiev (FLA), 22 saves from 24 shots - (0.917), W, 1-0-0, 60:00 minutes
3 StarsOfficial
1 - Roope Hintz (FLA)
2 - Jack Hughes (FLA)
3 - Quinn Hughes (FLA)
Referees : Sean MacFarlane and Brandon Schrader
Linesman : James Tobias and Matt MacPherson
Game Note
No Game Note
Finance
Level 1 -- Attendance: 6000 (100.00%) -- Ticket Income $720,000
Level 2 -- Attendance: 4201 (84.02%) -- Ticket Income $390,693
Level 3 -- Attendance: 3362 (96.06%) -- Ticket Income $228,616
Level 4 -- Attendance: 2936 (78.29%) -- Ticket Income $126,248
Luxury Box -- Attendance: 1000 (100.00%) -- Ticket Income $230,000
Game was played at the BBT Center.
Total Attendance: 17499 (90.90%)
Total Ticket Income: $1,695,557
Other Income: $423,889
Total Income: $2,119,446



Team Name Goals Shots Shots Attemp Shots Blocked PIM HIT PP PK FO%
Penguins 224491012160 / 3 (0%)041%
Panthers 3255848160 / 5 (0%)059%

Penguins
Player Name POS G A P +/- PIM HIT SHT SB MP PP MP PP SHT PK MP PK SHT FO% FOT
Aliaksei ProtasC0000000011:310:0001:02036% 14
Cole CaufieldRW0110016022:392:4815:24017% 6
Devon ToewsD0110003223:142:2014:2800% 0
Henri JokiharjuD0000020213:400:0000:3400% 0
Jeff PetryD011-1230322:453:3703:4700% 0
Josh AndersonRW000-1212017:093:0900:00033% 6
Julien GauthierRW000000005:110:0000:0000% 0
Justin FaulkD0110220016:060:0000:4200% 0
Kevin FialaLW1010021017:303:0901:070100% 2
Logan O'ConnorRW000000105:450:3400:0000% 0
Mathew DumbaD000-1022123:373:3714:3800% 0
Matt RoyD0000000220:362:2004:0900% 0
Nick SuzukiC1010222021:482:4804:34050% 22
Phil KesselRW0000203015:592:1402:3000% 1
Rem PitlickC000020005:100:0000:00040% 5
Rudolfs BalcersLW0000011010:290:0000:0000% 0
Ryan PoehlingC000-1000014:010:0000:0000% 0
Seth JarvisC000-1003020:503:0912:54039% 23
Panthers
Player Name POS G A P +/- PIM HIT SHT SB MP PP MP PP SHT PK MP PK SHT FO% FOT
Aleksander BarkovC1010004021:594:4810:00048% 29
Andrei SvechnikovRW0000211015:410:0000:000100% 2
Brady TkachukLW0002200018:394:2100:0000% 0
Charlie McAvoyD0111010225:024:4302:5400% 0
Frederick GaudreauC000000108:140:0004:0900% 0
Jack HughesC1012002018:404:2100:000100% 2
Jake SandersonD000-1030119:300:0003:0300% 0
Jamie BennLW000-121209:300:0000:0000% 0
Jeff CarterC000-1004011:190:0001:48067% 15
Matthew TkachukLW0110043021:474:4800:00050% 2
Mikael BacklundC0000020013:024:4804:09082% 11
Mike MathesonD0001011015:284:2610:0000% 0
Oliver Ekman-LarssonD0111220111:010:0000:0000% 0
Owen PowerD000-1010023:564:2603:0300% 0
Quinn HughesD0221002025:024:4302:5400% 0
Reilly SmithRW000-1001011:190:0001:480100% 1
Robby FabbriC000000103:530:0000:0000% 0
Roope HintzC1122003017:584:2110:00047% 17



Play-by-Play

1st period


0:01 of 1st period - Nick Suzuki wins face-off versus Aleksander Barkov in neutral zone.
0:34 of 1st period - Shot by Matthew Tkachuk.
0:34 of 1st period - Stopped by Thatcher Demko without a rebound.
0:35 of 1st period - Roope Hintz wins face-off versus Seth Jarvis in Penguins zone.
0:35 of 1st period - Roope Hintz is hit by Mathew Dumba.
0:44 of 1st period - Icing by Mathew Dumba.
0:45 of 1st period - Jeff Carter wins face-off versus Josh Anderson in Penguins zone.
3:00 of 1st period - Rudolfs Balcers is hit by Charlie McAvoy and loses puck.
3:35 of 1st period - Shot by Frederick Gaudreau.
3:35 of 1st period - Deflect By Mikael Backlund.
3:35 of 1st period - Shot Misses the Net.
3:37 of 1st period - Shot by Oliver Ekman-Larsson.
3:37 of 1st period - Shot Misses the Net.
3:39 of 1st period - Shot by Robby Fabbri.
3:39 of 1st period - Shot Blocked by Henri Jokiharju.
3:41 of 1st period - Shot by Oliver Ekman-Larsson.
3:41 of 1st period - Shot Misses the Net.
3:43 of 1st period - Shot by Frederick Gaudreau.
3:43 of 1st period - Deflect By Robby Fabbri.
3:43 of 1st period - Stopped by Thatcher Demko without a rebound.
3:44 of 1st period - Jeff Carter wins face-off versus Nick Suzuki in Penguins zone.
3:53 of 1st period - Shot by Reilly Smith.
3:53 of 1st period - Stopped by Thatcher Demko without a rebound.
3:54 of 1st period - Rem Pitlick wins face-off versus Roope Hintz in Penguins zone.
4:19 of 1st period - Shot by Logan O'Connor.
4:19 of 1st period - Shot Misses the Net.
4:25 of 1st period - Shot by Logan O'Connor.
4:25 of 1st period - Stopped by Alexandar Georgiev without a rebound.
4:26 of 1st period - Cole Caufield wins face-off versus Aleksander Barkov in Panthers zone.
4:33 of 1st period - Shot by Cole Caufield.
4:33 of 1st period - Stopped by Alexandar Georgiev without a rebound.
4:34 of 1st period - Nick Suzuki wins face-off versus Aleksander Barkov in Panthers zone.
4:41 of 1st period - Shot by Cole Caufield.
4:41 of 1st period - Stopped by Alexandar Georgiev without a rebound.
4:42 of 1st period - Aleksander Barkov wins face-off versus Cole Caufield in Panthers zone.
4:42 of 1st period - Aleksander Barkov is hit by Nick Suzuki.
4:43 of 1st period - Minor Penalty to Nick Suzuki for Roughing.
4:44 of 1st period - Aleksander Barkov wins face-off versus Cole Caufield in Penguins zone.
4:45 of 1st period - Shot by Quinn Hughes.
4:45 of 1st period - Shot Misses the Net.
5:05 of 1st period - Mathew Dumba is hit by Mikael Backlund and loses puck.
5:54 of 1st period - Shot by Roope Hintz.
5:54 of 1st period - Shot Misses the Net.
6:12 of 1st period - Shot by Roope Hintz.
6:12 of 1st period - Shot Misses the Net.
6:44 of 1st period - Shot by Jeff Carter.
6:44 of 1st period - Stopped by Thatcher Demko without a rebound.
6:45 of 1st period - Jeff Carter wins face-off versus Rem Pitlick in Penguins zone.
7:10 of 1st period - Shot by Jeff Carter.
7:10 of 1st period - Stopped by Thatcher Demko without a rebound.
7:11 of 1st period - Mikael Backlund wins face-off versus Seth Jarvis in Penguins zone.
8:23 of 1st period - Shot by Aleksander Barkov.
8:23 of 1st period - Shot Misses the Net.
8:25 of 1st period - Shot by Matthew Tkachuk.
8:25 of 1st period - Shot Misses the Net.
8:27 of 1st period - Shot by Quinn Hughes.
8:27 of 1st period - Stopped by Thatcher Demko without a rebound.
8:28 of 1st period - Roope Hintz wins face-off versus Nick Suzuki in Penguins zone.
8:56 of 1st period - Shot by Nick Suzuki.
8:56 of 1st period - Shot Blocked by Jake Sanderson.
8:58 of 1st period - Shot by Justin Faulk.
8:58 of 1st period - Shot Misses the Net.
9:00 of 1st period - Shot by Devon Toews.
9:00 of 1st period - Stopped by Alexandar Georgiev without a rebound.
9:01 of 1st period - Aliaksei Protas wins face-off versus Aleksander Barkov in Panthers zone.
10:39 of 1st period - Shot by Nick Suzuki.
10:39 of 1st period - Deflect By Kevin Fiala.
10:39 of 1st period - Shot Misses the Net.
11:00 of 1st period - Rem Pitlick is hit by Jake Sanderson and loses puck.
11:33 of 1st period - Shot by Reilly Smith.
11:33 of 1st period - Shot Misses the Net.
11:35 of 1st period - Shot by Jeff Carter.
11:35 of 1st period - Shot Misses the Net.
11:37 of 1st period - Shot by Mike Matheson.
11:37 of 1st period - Shot Misses the Net.
12:15 of 1st period - Icing by Henri Jokiharju.
12:16 of 1st period - Mikael Backlund wins face-off versus Rem Pitlick in Penguins zone.
12:16 of 1st period - Mikael Backlund is hit by Henri Jokiharju.
13:04 of 1st period - Off-side.
13:05 of 1st period - Aliaksei Protas wins face-off versus Aleksander Barkov in neutral zone.
13:15 of 1st period - Phil Kessel is hit by Owen Power and loses puck.
13:22 of 1st period - Shot by Phil Kessel.
13:22 of 1st period - Stopped by Alexandar Georgiev without a rebound.
13:23 of 1st period - Seth Jarvis wins face-off versus Roope Hintz in Panthers zone.
13:23 of 1st period - Seth Jarvis is hit by Oliver Ekman-Larsson.
13:56 of 1st period - Ryan Poehling is hit by Oliver Ekman-Larsson and loses puck.
13:58 of 1st period - Minor Penalty to Oliver Ekman-Larsson for Interference.
13:58 of 1st period - Minor Penalty to Josh Anderson for High sticking.
13:59 of 1st period - Aleksander Barkov wins face-off versus Nick Suzuki in Panthers zone.
14:12 of 1st period - Shot by Nick Suzuki.
14:12 of 1st period - Deflect By Cole Caufield.
14:12 of 1st period - Stopped by Alexandar Georgiev without a rebound.
14:13 of 1st period - Nick Suzuki wins face-off versus Aleksander Barkov in Panthers zone.
15:38 of 1st period - Shot by Seth Jarvis.
15:38 of 1st period - Shot Misses the Net.
15:56 of 1st period - Shot by Nick Suzuki.
15:56 of 1st period - Stopped by Alexandar Georgiev without a rebound.
15:57 of 1st period - Nick Suzuki wins face-off versus Aleksander Barkov in Panthers zone.
16:28 of 1st period - Minor Penalty to Rem Pitlick for Interference.
16:29 of 1st period - Roope Hintz wins face-off versus Nick Suzuki in Penguins zone.
16:30 of 1st period - Shot by Quinn Hughes.
16:30 of 1st period - Shot Misses the Net.
16:46 of 1st period - Shot by Roope Hintz.
16:46 of 1st period - Shot Misses the Net.
17:30 of 1st period - Mathew Dumba is hit by Matthew Tkachuk and loses puck.
17:42 of 1st period - Icing by Mikael Backlund.
17:43 of 1st period - Aleksander Barkov wins face-off versus Seth Jarvis in Panthers zone.
18:14 of 1st period - Shot by Owen Power.
18:14 of 1st period - Shot Blocked by Jeff Petry.
18:29 of 1st period - Icing by Jack Hughes.
18:30 of 1st period - Aliaksei Protas wins face-off versus Jeff Carter in Panthers zone.
19:20 of 1st period - Icing by Charlie McAvoy.
19:21 of 1st period - Reilly Smith wins face-off versus Seth Jarvis in Panthers zone.
19:44 of 1st period - Owen Power is hit by Josh Anderson and loses puck.
19:53 of 1st period - Shot by Seth Jarvis.
19:53 of 1st period - Shot Misses the Net.
Goals for this period are 0 for Penguins vs 0 for Panthers.
Shots for this period are 7 for Penguins vs 6 for Panthers.

2nd period


0:01 of 2nd period - Aleksander Barkov wins face-off versus Nick Suzuki in neutral zone.
1:16 of 2nd period - Shot by Josh Anderson.
1:16 of 2nd period - Stopped by Alexandar Georgiev with a rebound.
1:26 of 2nd period - Shot by Brady Tkachuk.
1:26 of 2nd period - Shot Misses the Net.
1:33 of 2nd period - Icing by Devon Toews.
1:34 of 2nd period - Seth Jarvis wins face-off versus Jeff Carter in Penguins zone.
1:52 of 2nd period - Shot by Jeff Carter.
1:52 of 2nd period - Stopped by Thatcher Demko without a rebound.
1:53 of 2nd period - Mikael Backlund wins face-off versus Aliaksei Protas in Penguins zone.
1:54 of 2nd period - Shot by Robby Fabbri.
1:54 of 2nd period - Shot Misses the Net.
2:04 of 2nd period - Shot by Phil Kessel.
2:04 of 2nd period - Shot Misses the Net.
2:08 of 2nd period - Shot by Rudolfs Balcers.
2:08 of 2nd period - Shot Blocked by Charlie McAvoy.
2:10 of 2nd period - Shot by Rudolfs Balcers.
2:10 of 2nd period - Stopped by Alexandar Georgiev without a rebound.
2:11 of 2nd period - Nick Suzuki wins face-off versus Aleksander Barkov in Panthers zone.
2:16 of 2nd period - Shot by Jeff Petry.
2:16 of 2nd period - Shot Misses the Net.
2:34 of 2nd period - Shot by Jeff Petry.
2:34 of 2nd period - Shot Misses the Net.
2:44 of 2nd period - Shot by Cole Caufield.
2:44 of 2nd period - Shot Misses the Net.
3:32 of 2nd period - Icing by Charlie McAvoy.
3:33 of 2nd period - Roope Hintz wins face-off versus Seth Jarvis in Panthers zone.
3:42 of 2nd period - Shot by Roope Hintz.
3:42 of 2nd period - Deflect By Jack Hughes.
3:42 of 2nd period - Shot Blocked by Henri Jokiharju.
3:58 of 2nd period - Shot by Jack Hughes.
3:58 of 2nd period - Stopped by Thatcher Demko without a rebound.
3:59 of 2nd period - Jeff Carter wins face-off versus Aliaksei Protas in Penguins zone.
4:26 of 2nd period - Shot by Phil Kessel.
4:26 of 2nd period - Stopped by Alexandar Georgiev without a rebound.
4:27 of 2nd period - Andrei Svechnikov wins face-off versus Nick Suzuki in Panthers zone.
4:40 of 2nd period - Shot by Matthew Tkachuk.
4:40 of 2nd period - Stopped by Thatcher Demko without a rebound.
4:41 of 2nd period - Seth Jarvis wins face-off versus Roope Hintz in Penguins zone.
6:04 of 2nd period - Shot by Matthew Tkachuk.
6:04 of 2nd period - Deflect By Aleksander Barkov.
6:04 of 2nd period - Shot Misses the Net.
6:06 of 2nd period - Shot by Aleksander Barkov.
6:06 of 2nd period - Shot Blocked by Jeff Petry.
6:12 of 2nd period - Shot by Andrei Svechnikov.
6:12 of 2nd period - Stopped by Thatcher Demko without a rebound.
6:13 of 2nd period - Jeff Carter wins face-off versus Aliaksei Protas in Penguins zone.
6:59 of 2nd period - Reilly Smith is hit by Henri Jokiharju and loses puck.
7:15 of 2nd period - Minor Penalty to Brady Tkachuk for Tripping.
7:16 of 2nd period - Mikael Backlund wins face-off versus Seth Jarvis in Panthers zone.
7:57 of 2nd period - Shot by Jeff Petry.
7:57 of 2nd period - Shot Misses the Net.
7:59 of 2nd period - Shot by Kevin Fiala.
7:59 of 2nd period - Shot Misses the Net.
8:15 of 2nd period - Owen Power is hit by Nick Suzuki and loses puck.
8:34 of 2nd period - Shot by Devon Toews.
8:34 of 2nd period - Stopped by Alexandar Georgiev without a rebound.
8:35 of 2nd period - Nick Suzuki wins face-off versus Jeff Carter in Panthers zone.
8:38 of 2nd period - Shot by Cole Caufield.
8:38 of 2nd period - Stopped by Alexandar Georgiev with a rebound.
9:00 of 2nd period - Shot by Jeff Petry.
9:00 of 2nd period - Shot Misses the Net.
9:02 of 2nd period - Shot by Logan O'Connor.
9:02 of 2nd period - Shot Misses the Net.
9:41 of 2nd period - Icing by Mike Matheson.
9:42 of 2nd period - Josh Anderson wins face-off versus Roope Hintz in Panthers zone.
9:42 of 2nd period - Josh Anderson is hit by Mike Matheson.
9:50 of 2nd period - Shot by Seth Jarvis.
9:50 of 2nd period - Stopped by Alexandar Georgiev without a rebound.
9:51 of 2nd period - Aleksander Barkov wins face-off versus Seth Jarvis in Panthers zone.
9:56 of 2nd period - Justin Faulk is hit by Matthew Tkachuk and loses puck.
10:23 of 2nd period - Shot by Seth Jarvis.
10:23 of 2nd period - Stopped by Alexandar Georgiev without a rebound.
10:24 of 2nd period - Jack Hughes wins face-off versus Nick Suzuki in Panthers zone.
10:28 of 2nd period - Icing by Jack Hughes.
10:29 of 2nd period - Jack Hughes wins face-off versus Nick Suzuki in Panthers zone.
11:00 of 2nd period - Shot by Roope Hintz.
11:00 of 2nd period - Goal by Roope Hintz - Penguins : 0 - Panthers : 1.
11:01 of 2nd period - Aleksander Barkov wins face-off versus Seth Jarvis in neutral zone.
11:13 of 2nd period - Minor Penalty to Justin Faulk for Roughing.
11:14 of 2nd period - Nick Suzuki wins face-off versus Aleksander Barkov in Penguins zone.
11:43 of 2nd period - Shot by Matthew Tkachuk.
11:43 of 2nd period - Shot Misses the Net.
12:36 of 2nd period - Shot by Roope Hintz.
12:36 of 2nd period - Stopped by Thatcher Demko without a rebound.
12:37 of 2nd period - Aleksander Barkov wins face-off versus Seth Jarvis in Penguins zone.
13:20 of 2nd period - Shot by Rem Pitlick.
13:20 of 2nd period - Shot Misses the Net.
13:22 of 2nd period - Shot by Devon Toews.
13:22 of 2nd period - Stopped by Alexandar Georgiev without a rebound.
13:23 of 2nd period - Roope Hintz wins face-off versus Rem Pitlick in Panthers zone.
15:02 of 2nd period - Minor Penalty to Jamie Benn for Hooking.
15:03 of 2nd period - Mikael Backlund wins face-off versus Nick Suzuki in Panthers zone.
15:25 of 2nd period - Icing by Nick Suzuki.
15:26 of 2nd period - Mikael Backlund wins face-off versus Cole Caufield in Penguins zone.
16:11 of 2nd period - Shot by Mathew Dumba.
16:11 of 2nd period - Shot Misses the Net.
16:13 of 2nd period - Shot by Seth Jarvis.
16:13 of 2nd period - Stopped by Alexandar Georgiev without a rebound.
16:14 of 2nd period - Jeff Carter wins face-off versus Josh Anderson in Panthers zone.
16:53 of 2nd period - Icing by Jeff Petry.
16:54 of 2nd period - Seth Jarvis wins face-off versus Mikael Backlund in Penguins zone.
16:54 of 2nd period - Seth Jarvis is hit by Mikael Backlund.
17:00 of 2nd period - Frederick Gaudreau is hit by Kevin Fiala and loses puck.
18:58 of 2nd period - Shot by Cole Caufield.
18:58 of 2nd period - Shot Misses the Net.
19:20 of 2nd period - Shot by Mikael Backlund.
19:20 of 2nd period - Deflect By Frederick Gaudreau.
19:20 of 2nd period - Stopped by Thatcher Demko without a rebound.
19:21 of 2nd period - Jeff Carter wins face-off versus Seth Jarvis in Penguins zone.
19:43 of 2nd period - Icing by Seth Jarvis.
19:44 of 2nd period - Seth Jarvis wins face-off versus Aleksander Barkov in Penguins zone.
Goals for this period are 0 for Penguins vs 1 for Panthers.
Shots for this period are 9 for Penguins vs 7 for Panthers.

3rd period


0:01 of 3rd period - Aleksander Barkov wins face-off versus Cole Caufield in neutral zone.
0:06 of 3rd period - Shot by Matthew Tkachuk.
0:06 of 3rd period - Shot Misses the Net.
0:08 of 3rd period - Shot by Quinn Hughes.
0:08 of 3rd period - Shot Misses the Net.
0:10 of 3rd period - Shot by Aleksander Barkov.
0:10 of 3rd period - Goal by Aleksander Barkov - Penguins : 0 - Panthers : 2.
0:11 of 3rd period - Josh Anderson wins face-off versus Roope Hintz in neutral zone.
0:28 of 3rd period - Shot by Josh Anderson.
0:28 of 3rd period - Shot Misses the Net.
0:38 of 3rd period - Icing by Devon Toews.
0:39 of 3rd period - Aleksander Barkov wins face-off versus Seth Jarvis in Penguins zone.
0:41 of 3rd period - Andrei Svechnikov is hit by Justin Faulk and loses puck.
0:47 of 3rd period - Off-side.
0:48 of 3rd period - Nick Suzuki wins face-off versus Aleksander Barkov in neutral zone.
1:12 of 3rd period - Andrei Svechnikov is hit by Jeff Petry and loses puck.
1:21 of 3rd period - Shot by Aleksander Barkov.
1:21 of 3rd period - Stopped by Thatcher Demko without a rebound.
1:22 of 3rd period - Roope Hintz wins face-off versus Josh Anderson in Penguins zone.
1:26 of 3rd period - Jack Hughes is hit by Justin Faulk and loses puck.
1:43 of 3rd period - Shot by Jack Hughes.
1:43 of 3rd period - Shot Blocked by Devon Toews.
2:42 of 3rd period - Shot by Kevin Fiala.
2:42 of 3rd period - Goal by Kevin Fiala - Penguins : 1 - Panthers : 2.
2:43 of 3rd period - Jeff Carter wins face-off versus Phil Kessel in neutral zone.
3:00 of 3rd period - Shot by Jeff Carter.
3:00 of 3rd period - Deflect By Jamie Benn.
3:00 of 3rd period - Stopped by Thatcher Demko without a rebound.
3:01 of 3rd period - Nick Suzuki wins face-off versus Aleksander Barkov in Penguins zone.
3:08 of 3rd period - Shot by Nick Suzuki.
3:08 of 3rd period - Shot Misses the Net.
3:36 of 3rd period - Shot by Aleksander Barkov.
3:36 of 3rd period - Shot Blocked by Mathew Dumba.
3:38 of 3rd period - Shot by Charlie McAvoy.
3:38 of 3rd period - Shot Misses the Net.
3:53 of 3rd period - Jeff Petry is hit by Andrei Svechnikov and loses puck.
4:41 of 3rd period - Shot by Jeff Carter.
4:41 of 3rd period - Stopped by Thatcher Demko without a rebound.
4:42 of 3rd period - Seth Jarvis wins face-off versus Roope Hintz in Penguins zone.
5:03 of 3rd period - Shot by Roope Hintz.
5:03 of 3rd period - Shot Blocked by Devon Toews.
5:13 of 3rd period - Shot by Jack Hughes.
5:13 of 3rd period - Goal by Jack Hughes - Penguins : 1 - Panthers : 3.
5:14 of 3rd period - Mikael Backlund wins face-off versus Aliaksei Protas in neutral zone.
5:19 of 3rd period - Shot by Frederick Gaudreau.
5:19 of 3rd period - Shot Blocked by Matt Roy.
5:22 of 3rd period - Icing by Henri Jokiharju.
5:23 of 3rd period - Andrei Svechnikov wins face-off versus Aliaksei Protas in Penguins zone.
5:32 of 3rd period - Matthew Tkachuk is hit by Rudolfs Balcers and loses puck.
5:39 of 3rd period - Shot by Phil Kessel.
5:39 of 3rd period - Shot Misses the Net.
5:44 of 3rd period - Off-side.
5:45 of 3rd period - Seth Jarvis wins face-off versus Roope Hintz in neutral zone.
6:01 of 3rd period - Off-side.
6:02 of 3rd period - Aleksander Barkov wins face-off versus Aliaksei Protas in neutral zone.
7:32 of 3rd period - Nick Suzuki is hit by Jake Sanderson and loses puck.
8:33 of 3rd period - Robby Fabbri is hit by Jeff Petry.
8:51 of 3rd period - Shot by Mikael Backlund.
8:51 of 3rd period - Shot Misses the Net.
9:16 of 3rd period - Aleksander Barkov is hit by Mathew Dumba and loses puck.
9:31 of 3rd period - Shot by Aleksander Barkov.
9:31 of 3rd period - Shot Misses the Net.
9:35 of 3rd period - Shot by Aleksander Barkov.
9:35 of 3rd period - Stopped by Thatcher Demko with a rebound.
9:37 of 3rd period - Shot by Quinn Hughes.
9:37 of 3rd period - Stopped by Thatcher Demko without a rebound.
9:38 of 3rd period - Jeff Carter wins face-off versus Cole Caufield in Penguins zone.
9:53 of 3rd period - Shot by Cole Caufield.
9:53 of 3rd period - Stopped by Alexandar Georgiev without a rebound.
9:54 of 3rd period - Aliaksei Protas wins face-off versus Roope Hintz in Panthers zone.
10:09 of 3rd period - Shot by Rudolfs Balcers.
10:09 of 3rd period - Shot Misses the Net.
10:27 of 3rd period - Shot by Phil Kessel.
10:27 of 3rd period - Shot Blocked by Oliver Ekman-Larsson.
10:29 of 3rd period - Shot by Phil Kessel.
10:29 of 3rd period - Stopped by Alexandar Georgiev without a rebound.
10:30 of 3rd period - Aleksander Barkov wins face-off versus Nick Suzuki in Panthers zone.
10:30 of 3rd period - Aleksander Barkov is hit by Kevin Fiala.
10:44 of 3rd period - Aleksander Barkov is hit by Cole Caufield and loses puck.
11:18 of 3rd period - Minor Penalty to Andrei Svechnikov for Hooking.
11:19 of 3rd period - Mikael Backlund wins face-off versus Seth Jarvis in Panthers zone.
11:37 of 3rd period - Shot by Mathew Dumba.
11:37 of 3rd period - Stopped by Alexandar Georgiev without a rebound.
11:38 of 3rd period - Nick Suzuki wins face-off versus Mikael Backlund in Panthers zone.
11:46 of 3rd period - Cole Caufield is hit by Jake Sanderson.
11:56 of 3rd period - Shot by Cole Caufield.
11:56 of 3rd period - Deflect By Nick Suzuki.
11:56 of 3rd period - Shot Misses the Net.
13:03 of 3rd period - Icing by Mathew Dumba.
13:04 of 3rd period - Mikael Backlund wins face-off versus Josh Anderson in Penguins zone.
13:45 of 3rd period - Icing by Matt Roy.
13:46 of 3rd period - Rem Pitlick wins face-off versus Roope Hintz in Penguins zone.
13:54 of 3rd period - Icing by Owen Power.
13:55 of 3rd period - Roope Hintz wins face-off versus Aliaksei Protas in Panthers zone.
14:06 of 3rd period - Shot by Roope Hintz.
14:06 of 3rd period - Stopped by Thatcher Demko without a rebound.
14:07 of 3rd period - Aleksander Barkov wins face-off versus Seth Jarvis in Penguins zone.
14:22 of 3rd period - Shot by Seth Jarvis.
14:22 of 3rd period - Shot Blocked by Charlie McAvoy.
14:24 of 3rd period - Shot by Mathew Dumba.
14:24 of 3rd period - Stopped by Alexandar Georgiev without a rebound.
14:25 of 3rd period - Kevin Fiala wins face-off versus Jeff Carter in Panthers zone.
14:36 of 3rd period - Shot by Cole Caufield.
14:36 of 3rd period - Stopped by Alexandar Georgiev with a rebound.
14:50 of 3rd period - Shot by Nick Suzuki.
14:50 of 3rd period - Goal by Nick Suzuki - Penguins : 2 - Panthers : 3.
14:51 of 3rd period - Matthew Tkachuk wins face-off versus Seth Jarvis in neutral zone.
14:57 of 3rd period - Charlie McAvoy is hit by Jeff Petry and loses puck.
15:09 of 3rd period - Minor Penalty to Jeff Petry for Interference.
15:10 of 3rd period - Roope Hintz wins face-off versus Nick Suzuki in Penguins zone.
16:15 of 3rd period - Shot by Aleksander Barkov.
16:15 of 3rd period - Stopped by Thatcher Demko without a rebound.
16:16 of 3rd period - Seth Jarvis wins face-off versus Matthew Tkachuk in Penguins zone.
16:22 of 3rd period - Minor Penalty to Phil Kessel for Interference.
16:23 of 3rd period - Nick Suzuki wins face-off versus Aleksander Barkov in Penguins zone.
16:23 of 3rd period - Nick Suzuki is hit by Matthew Tkachuk.
16:33 of 3rd period - Devon Toews is hit by Matthew Tkachuk and loses puck.
17:08 of 3rd period - Shot by Matthew Tkachuk.
17:08 of 3rd period - Shot Blocked by Matt Roy.
17:38 of 3rd period - Shot by Brady Tkachuk.
17:38 of 3rd period - Shot Blocked by Jeff Petry.
17:40 of 3rd period - Shot by Mike Matheson.
17:40 of 3rd period - Stopped by Thatcher Demko with a rebound.
17:42 of 3rd period - Shot by Owen Power.
17:42 of 3rd period - Shot Misses the Net.
18:23 of 3rd period - Icing by Devon Toews.
18:24 of 3rd period - Jeff Carter wins face-off versus Aliaksei Protas in Penguins zone.
18:29 of 3rd period - Shot by Jamie Benn.
18:29 of 3rd period - Stopped by Thatcher Demko without a rebound.
18:30 of 3rd period - Aleksander Barkov wins face-off versus Aliaksei Protas in Penguins zone.
18:33 of 3rd period - Shot by Andrei Svechnikov.
18:33 of 3rd period - Deflect By Matthew Tkachuk.
18:33 of 3rd period - Stopped by Thatcher Demko without a rebound.
18:34 of 3rd period - Aliaksei Protas wins face-off versus Aleksander Barkov in Penguins zone.
18:50 of 3rd period - Icing by Quinn Hughes.
18:51 of 3rd period - Seth Jarvis wins face-off versus Aleksander Barkov in Panthers zone.
18:58 of 3rd period - Shot by Josh Anderson.
18:58 of 3rd period - Stopped by Alexandar Georgiev without a rebound.
18:59 of 3rd period - Kevin Fiala wins face-off versus Jeff Carter in Panthers zone.
19:00 of 3rd period - Penguins, Thatcher Demko is pulled from the net.
19:29 of 3rd period - Nick Suzuki is hit by Jamie Benn and loses puck.
Goals for this period are 2 for Penguins vs 2 for Panthers.
Shots for this period are 8 for Penguins vs 12 for Panthers.